1908 views
Uploaded 2023-04-23 20:40:08
Game version 1.35 (6115)
13:49 long 2on2 ladder game on (4)TwistedMeadows_S2_v1.1
Saved by DKnight
1908 views
Uploaded 2023-04-23 20:40:08
Game version 1.35 (6115)
13:49 long 2on2 ladder game on (4)TwistedMeadows_S2_v1.1


63 units @ 8.5k
/ 0.9k
38 buildings @ 4.5k
/ 2k

| Healing Salve | 2 | 200 |
| Lesser Clarity Potion | 4 | 280 |
| Scroll of Speed | 2 | 100 |
| Potion of Healing | 1 | 150 |
| Boots of Speed | 1 | 250 |
| Circlet of Nobility | 1 | 175 |
| total: | 11 | 1155g |
| Peon | 9 | 675 | / | 0 |
| Wind Rider | 11 | 2915 | / | 440 |
| total: | 20 | 3590g | / | 440w |
| Watch Tower | 3 | 330 | / | 240 |
| Altar of Storms | 1 | 180 | / | 50 |
| Orc Burrow | 4 | 640 | / | 160 |
| Voodoo Lounge | 1 | 130 | / | 30 |
| War Mill | 1 | 205 | / | 0 |
| Beastiary | 3 | 435 | / | 420 |
| Stronghold | 1 | 315 | / | 190 |
| total: | 13 | 1920g | / | 900w |
| 0:02 | Peon |
| 0:03 | Peon |
| 0:08 | Altar of Storms |
| 0:20 | Orc Burrow |
| 0:25 | Peon |
| 0:34 | Peon |
| 0:49 | Voodoo Lounge |
| 0:56 | Peon |
| 1:23 | Peon |
| 1:23 | Peon |
| 1:28 | War Mill |
| 1:47 | Peon |
| 1:47 | Peon |
| 2:12 | Healing Salve |
| 2:12 | Lesser Clarity Potion |
| 2:13 | Scroll of Speed |
| 2:13 | Lesser Clarity Potion |
| 2:17 | Wind Walk |
| 2:23 | Stronghold |
| 3:00 | Orc Burrow |
| 3:02 | Watch Tower |
| 3:46 | Watch Tower |
| 3:49 | Watch Tower |
| 3:58 | Boots of Speed |
| 4:02 | Circlet of Nobility |
| 4:44 | Beastiary |
| 5:21 | Beastiary |
| 5:29 | Beastiary |
| 5:48 | Wind Rider |
| 5:57 | Lesser Clarity Potion |
| 6:11 | Orc Burrow |
| 6:20 | Orc Burrow |
| 6:30 | Wind Rider |
| 6:51 | Wind Rider |
| 7:09 | Wind Rider |
| 7:34 | Reinforced Defenses |
| 7:55 | Wind Rider |
| 9:14 | Wind Rider |
| 9:31 | Critical Strike |
| 10:11 | Wind Rider |
| 10:20 | Lesser Clarity Potion |
| 10:23 | Scroll of Speed |
| 11:00 | Healing Salve |
| 11:05 | Wind Rider |
| 11:39 | Wind Rider |
| 12:08 | Critical Strike |
| 12:19 | Wind Rider |
| 12:40 | Wind Rider |
| 12:54 | Potion of Healing |
| Right click | 482 |
| Select | 199 |
| Build/train/purchase | 62 |
| Use ability | 8 |
| Remove unit | 2 |
| Minimap ping | 2 |
| Item give/drop | 1 |



| Lesser Clarity Potion | 2 | 140 |
| Staff of Sanctuary | 1 | 250 |
| Healing Salve | 1 | 100 |
| total: | 4 | 490g |
| Peasant | 24 | 1800 | / | 0 |
| Footman | 6 | 810 | / | 0 |
| Priest | 4 | 540 | / | 40 |
| Knight | 4 | 980 | / | 240 |
| Flying Machine | 4 | 400 | / | 120 |
| Goblin Shredder | 1 | 375 | / | 100 |
| total: | 43 | 4905g | / | 500w |
| Scout Tower | 7 | 210 | / | 140 |
| Arcane Tower | 2 | 140 | / | 100 |
| Guard Tower | 5 | 350 | / | 250 |
| Farm | 8 | 640 | / | 160 |
| Altar of Kings | 1 | 180 | / | 50 |
| Barracks | 1 | 160 | / | 60 |
| Town Hall | 1 | 385 | / | 205 |
| Lumber Mill | 1 | 120 | / | 0 |
| Arcane Vault | 1 | 130 | / | 30 |
| Blacksmith | 3 | 420 | / | 180 |
| Arcane Sanctum | 1 | 150 | / | 140 |
| Workshop | 1 | 140 | / | 140 |
| Keep | 1 | 320 | / | 210 |
| Castle | 1 | 360 | / | 210 |
| total: | 25 | 2535g | / | 1105w |
| 0:01 | Peasant |
| 0:01 | Peasant |
| 0:05 | Farm |
| 0:07 | Farm |
| 0:09 | Altar of Kings |
| 0:18 | Farm |
| 0:20 | Barracks |
| 0:29 | Peasant |
| 0:38 | Peasant |
| 0:38 | Peasant |
| 0:49 | Peasant |
| 1:11 | Peasant |
| 1:22 | Footman |
| 1:27 | Farm |
| 1:31 | Peasant |
| 1:40 | Scout Tower |
| 1:44 | Footman |
| 1:44 | Footman |
| 1:51 | Peasant |
| 2:08 | Summon Water Elemental |
| 2:09 | Arcane Tower |
| 2:17 | Peasant |
| 2:21 | Footman |
| 2:41 | Peasant |
| 2:57 | Peasant |
| 3:04 | Scout Tower |
| 3:05 | Brilliance Aura |
| 3:08 | Peasant |
| 3:19 | Peasant |
| 3:34 | Town Hall |
| 3:43 | Peasant |
| 3:49 | Peasant |
| 3:56 | Arcane Tower |
| 4:10 | Lumber Mill |
| 4:41 | Peasant |
| 4:44 | Peasant |
| 4:45 | Peasant |
| 4:46 | Summon Water Elemental |
| 4:55 | Farm |
| 5:11 | Peasant |
| 5:18 | Goblin Shredder |
| 5:24 | Improved Lumber Harvesting |
| 6:03 | Keep |
| 6:08 | Arcane Vault |
| 6:33 | Scout Tower |
| 6:34 | Scout Tower |
| 6:39 | Scout Tower |
| 6:40 | Scout Tower |
| 6:43 | Farm |
| 6:48 | Improved Masonry |
| 6:59 | Defend |
| 7:03 | Guard Tower |
| 7:04 | Guard Tower |
| 7:07 | Blacksmith |
| 7:14 | Scout Tower |
| 7:24 | Guard Tower |
| 7:55 | Footman |
| 7:59 | Guard Tower |
| 8:01 | Peasant |
| 8:06 | Footman |
| 8:12 | Peasant |
| 8:45 | Castle |
| 8:46 | Advanced Masonry |
| 8:50 | Lesser Clarity Potion |
| 8:50 | Healing Salve |
| 8:57 | Farm |
| 9:09 | Blacksmith |
| 9:10 | Blacksmith |
| 9:25 | Storm Bolt |
| 9:52 | Arcane Sanctum |
| 10:00 | Advanced Lumber Harvesting |
| 10:06 | Farm |
| 10:40 | Priest |
| 11:09 | Knight |
| 11:14 | Workshop |
| 11:19 | Lesser Clarity Potion |
| 11:21 | Staff of Sanctuary |
| 11:29 | Knight |
| 11:43 | Animal War Training |
| 12:01 | Peasant |
| 12:01 | Peasant |
| 12:06 | Bash |
| 12:08 | Holy Light |
| 12:32 | Flying Machine |
| 12:33 | Flying Machine |
| 12:33 | Flying Machine |
| 12:33 | Flying Machine |
| 12:34 | Flak Cannons |
| 12:51 | Priest |
| 12:51 | Priest |
| 13:12 | Knight |
| 13:13 | Priest |
| 13:36 | Knight |
| Right click | 629 |
| Select group | 560 |
| Select | 395 |
| Build/train/purchase | 119 |
| Misc. action | 108 |
| Assign group | 52 |
| Use ability | 40 |
| Resource trade | 10 |
| Esc | 2 |
| Item give/drop | 1 |
| Remove unit | 1 |
48 units @ 6.7k
/ 1k
26 buildings @ 4.2k
/ 1.4k


| Rod of Necromancy | 2 | 300 |
| Orb of Corruption | 1 | 375 |
| Dust of Appearance | 2 | 150 |
| Scroll of Healing | 1 | 250 |
| Potion of Lesser Invulnerability | 1 | 150 |
| total: | 7 | 1225g |
| Acolyte | 8 | 600 | / | 0 |
| Ghoul | 2 | 240 | / | 0 |
| Crypt Fiend | 8 | 1720 | / | 320 |
| Obsidian Statue | 2 | 400 | / | 70 |
| Abomination | 1 | 240 | / | 70 |
| total: | 21 | 3200g | / | 460w |
| Nerubian Tower | 3 | 300 | / | 60 |
| Spirit Tower | 2 | 290 | / | 80 |
| Crypt | 2 | 400 | / | 100 |
| Graveyard | 1 | 215 | / | 0 |
| Altar of Darkness | 2 | 360 | / | 100 |
| Ziggurat | 5 | 750 | / | 250 |
| Tomb of Relics | 1 | 130 | / | 30 |
| Necropolis | 1 | 225 | / | 0 |
| Slaughterhouse | 1 | 140 | / | 135 |
| Halls of the Dead | 1 | 320 | / | 210 |
| Black Citadel | 2 | 650 | / | 460 |
| total: | 13 | 2220g | / | 615w |
| 0:02 | Acolyte |
| 0:02 | Acolyte |
| 0:04 | Crypt |
| 0:05 | Crypt |
| 0:34 | Graveyard |
| 0:51 | Altar of Darkness |
| 0:53 | Altar of Darkness |
| 0:56 | Ziggurat |
| 1:10 | Ghoul |
| 1:28 | Tomb of Relics |
| 1:47 | Ghoul |
| 1:49 | Ziggurat |
| 1:59 | Nerubian Tower |
| 2:13 | Crypt Fiend |
| 2:28 | Nerubian Tower |
| 2:51 | Rod of Necromancy |
| 2:57 | Death Coil |
| 3:01 | Crypt Fiend |
| 3:35 | Halls of the Dead |
| 3:52 | Crypt Fiend |
| 3:58 | Dust of Appearance |
| 4:24 | Crypt Fiend |
| 4:28 | Unholy Aura |
| 4:33 | Ziggurat |
| 4:53 | Rod of Necromancy |
| 5:26 | Crypt Fiend |
| 5:40 | Spirit Tower |
| 6:15 | Acolyte |
| 6:15 | Acolyte |
| 7:08 | Slaughterhouse |
| 7:33 | Ziggurat |
| 7:55 | Frost Nova |
| 8:01 | Black Citadel |
| 8:14 | Death Coil |
| 8:36 | Web |
| 8:54 | Obsidian Statue |
| 9:08 | Creature Attack |
| 9:10 | Crypt Fiend |
| 9:26 | Obsidian Statue |
| 10:25 | Dust of Appearance |
| 10:38 | Acolyte |
| 10:44 | Frost Armor |
| 10:49 | Potion of Lesser Invulnerability |
| 10:52 | Acolyte |
| 11:01 | Ziggurat |
| 11:14 | Destroyer Form |
| 11:19 | Crypt Fiend |
| 11:26 | Necropolis |
| 11:34 | Death Pact |
| 11:50 | Orb of Corruption |
| 11:59 | Improved Creature Attack |
| 12:30 | Scroll of Healing |
| 12:34 | Creature Carapace |
| 12:37 | Acolyte |
| 12:37 | Acolyte |
| 13:39 | Frost Nova |
| 13:44 | Crypt Fiend |
| 13:45 | Abomination |
| Right click | 759 |
| Select group | 754 |
| Select | 195 |
| Build/train/purchase | 75 |
| Misc. action | 67 |
| Chat | 29 |
| Assign group | 23 |
| Use ability | 19 |
| Item give/drop | 4 |
| Remove unit | 1 |
| Minimap ping | 1 |


| Healing Salve | 5 | 500 |
| Lesser Clarity Potion | 2 | 140 |
| Scroll of Speed | 3 | 150 |
| Scroll of Town Portal | 1 | 350 |
| total: | 11 | 1140g |
| Peon | 10 | 750 | / | 0 |
| Troll Headhunter | 6 | 840 | / | 120 |
| Raider | 4 | 720 | / | 160 |
| Spirit Walker | 3 | 585 | / | 105 |
| Troll Batrider | 4 | 640 | / | 160 |
| total: | 27 | 3535g | / | 545w |
| Watch Tower | 2 | 220 | / | 160 |
| Altar of Storms | 1 | 180 | / | 50 |
| Orc Burrow | 5 | 800 | / | 200 |
| War Mill | 1 | 205 | / | 0 |
| Barracks | 1 | 180 | / | 50 |
| Voodoo Lounge | 1 | 130 | / | 30 |
| Beastiary | 1 | 145 | / | 140 |
| Tauren Totem | 1 | 135 | / | 155 |
| Stronghold | 2 | 630 | / | 380 |
| total: | 13 | 1995g | / | 785w |
| 0:01 | Peon |
| 0:06 | Altar of Storms |
| 0:11 | Peon |
| 0:17 | Orc Burrow |
| 0:22 | Peon |
| 0:35 | Peon |
| 0:47 | War Mill |
| 1:04 | Barracks |
| 1:11 | Peon |
| 1:11 | Peon |
| 1:21 | Peon |
| 1:33 | Peon |
| 1:44 | Orc Burrow |
| 2:05 | Troll Headhunter |
| 2:05 | Troll Headhunter |
| 2:06 | Feral Spirit |
| 2:06 | Feral Spirit |
| 2:10 | Troll Headhunter |
| 2:48 | Stronghold |
| 2:58 | Troll Headhunter |
| 3:12 | Voodoo Lounge |
| 3:25 | Troll Headhunter |
| 3:38 | Troll Headhunter |
| 3:56 | Orc Burrow |
| 4:17 | Healing Salve |
| 4:17 | Lesser Clarity Potion |
| 4:19 | Scroll of Speed |
| 5:15 | Chain Lighting |
| 5:26 | Beastiary |
| 5:43 | Tauren Totem |
| 5:49 | Healing Salve |
| 5:49 | Healing Salve |
| 5:49 | Healing Salve |
| 5:49 | Scroll of Speed |
| 6:12 | War Stomp |
| 6:34 | Raider |
| 6:35 | Ensnare |
| 6:49 | Orc Burrow |
| 7:12 | Spirit Walker |
| 7:12 | Spirit Walker Adept Training |
| 7:25 | Reinforced Defenses |
| 8:01 | Feral Spirit |
| 8:07 | Raider |
| 8:07 | Spirit Walker |
| 8:41 | Peon |
| 8:41 | Peon |
| 8:47 | Raider |
| 8:47 | Spirit Walker |
| 9:54 | Raider |
| 10:24 | Troll Batrider |
| 10:26 | Endurance Aura |
| 10:39 | Lesser Clarity Potion |
| 10:41 | Healing Salve |
| 10:46 | Scroll of Speed |
| 10:50 | War Stomp |
| 10:57 | Troll Batrider |
| 11:10 | Watch Tower |
| 11:27 | Troll Batrider |
| 11:53 | Watch Tower |
| 12:18 | Scroll of Town Portal |
| 12:41 | Troll Batrider |
| 13:24 | Orc Burrow |
| 13:40 | Chain Lighting |
| Select group | 1309 |
| Right click | 919 |
| Select | 356 |
| Build/train/purchase | 113 |
| Misc. action | 85 |
| Use ability | 51 |
| Chat | 36 |
| Assign group | 30 |
| Minimap ping | 8 |
| Item give/drop | 1 |
⇛